 Dungeon Crawl Stone Soup version 0.17.0-18-gaab0e96 (console) character file.

351 gw the Cudgeler (level 6, -3/58 HPs)
             Began as a Demonspawn Chaos Knight on Nov 11, 2015.
             Slain by an iguana (10 damage)
             ... on level 4 of the Dungeon.
             The game lasted 00:03:32 (3296 turns).

gw the Cudgeler (Demonspawn Chaos Knight)           Turns: 3296, Time: 00:03:32

Health: -3/58      AC: 16    Str:  8 (10) XL:     6   Next: 34%
Magic:  0/6        EV:  0    Int: 14      God:    Xom [....*.]
Gold:   212        SH:  0    Dex: 14      Spells: 0 memorised, 5 levels left

rFire  + . .     SeeInvis .     a - +0 mace (chaos)
rCold  . . .     Clarity  .     f - +0 plate armour
rNeg   . . .     SustAt   .     (no shield)
rPois  +         Gourm    .     h - +2 helmet
rElec  .         Spirit   +     (no cloak)
rCorr  .         Warding  .     (no gloves)
rMut   .         Stasis   .     b - +0 pair of boots
MR     .....                    (no amulet)
Stlth  ..........               (no ring)
                                (no ring)

@: not resistant to hostile enchantments, extremely unstealthy
A: claws 1, talons 1, molten scales 1, deterioration 1, fire resistance 1,
poison resistance, robust 2, weak 1, magic shield
a: Renounce Religion


You were on level 4 of the Dungeon.
You worshipped Xom.
You were a beloved toy of Xom.
You were not hungry.

You visited 1 branch of the dungeon, and saw 4 of its levels.

You collected 212 gold pieces.

Inventory:

Hand Weapons
 a - a +0 mace of chaos (weapon)
Missiles
 d - 55 stones (quivered)
 e - 10 poisoned needles
Armour
 b - a +0 pair of boots (worn)
 f - a +0 plate armour (worn)
 h - a +2 helmet (worn)
Comestibles
 c - 4 bread rations


   Skills:
 + Level 4.3 Fighting
 * Level 4.5 Maces & Flails
 + Level 2.1 Throwing
 + Level 3.1 Armour
 - Level 0.8 Dodging


You had 5 spell levels left.
You didn't know any spells.

Dungeon Overview and Level Annotations

Branches:
Dungeon (4/15)
 Temple: D:4-7

Altars:
Gozag
Kikubaaqudgha
Makhleb
Ru
Yredelemnul
The Shining One


Innate Abilities, Weirdness & Mutations

You have sharp fingernails.
You are partially covered in molten scales (AC +1).
When hurt, damage is shared between your health and your magic reserves.
You have sharp toenails.
Your body sometimes deteriorates upon taking damage.
Your flesh is heat resistant.
Your system is resistant to poisons.
You are very robust (+20% HP).
You are weak. (Str -2)


Message History

Unknown command.
Unknown command.
FLEEEEING!
MOVING TO (-7,7) Unknown command.
Unknown command.
Unknown command.
MOVING TO (-6,6)
The iguana rages.
The iguana bites you.
Unknown command.
Unknown command.
Unknown command.
MOVING TO (-5,5) Unknown command.
Unknown command.
Unknown command.
MOVING TO (-4,4)
The iguana bites you!
You die...

.....# ......(
...... ##.....(.
...... #....(...
......##.......?
......#.........
##..###..... ..
##...# ... ..#
###.l.## #
...###..6.##
.........#
####.....##
###........##
##...........#
##.........#....#
#.......[.#####....
#.........# ##...
#........# ..


You could see an iguana (berserk).

Table legend:
 A = Turns spent in this place as a percentage of turns spent in the entire game.
 B = Non-inter-level travel turns spent in this place as a percentage of non-inter-level travel turns spent in the entire game.
 C = Inter-level travel turns spent in this place as a percentage of turns spent in this place.
 D = Turns resting spent in this place as a percentage of non-inter-level travel turns spent in this place.
 E = Turns spent auto-exploring this place as a percentage of non-inter-level travel turns spent in this place.
 F = Non-inter-level travel turns spent in this place divided by the number of levels of this place that you've seen.
                   A       B       C       D       E      F
               +-------+-------+-------+-------+-------+----------------------
         Total | 100.0 | 100.0 |   0.5 |   0.8 |   2.5 | 1306.0
       Dungeon | 100.0 | 100.0 |   0.5 |   0.8 |   2.5 | 1306.0
               +-------+-------+-------+-------+-------+----------------------

Table legend:
 A = Kills in this place as a percentage of kills in entire the game.
 B = Kills by you in this place as a percentage of kills by you in the entire game.
 C = Kills by friends in this place as a percentage of kills by friends in the entire game.
 D = Other kills in this place as a percentage of other kills in the entire game.
 E = Experience gained in this place as a percentage of experience gained in the entire game.
 F = Experience gained in this place divided by the number of levels of this place that you have seen.
                   A       B       C       D       E      F
               +-------+-------+-------+-------+-------+----------------------
         Total | 100.0 | 100.0 | 100.0 |  -nan | 100.0 | 125.5
       Dungeon | 100.0 | 100.0 | 100.0 |  -nan | 100.0 | 125.5
               +-------+-------+-------+-------+-------+----------------------

Vanquished Creatures
  An ogre (D:4)
  The ghost of gw the Cudgeler, an amateur TeCK of Xom (D:3)
  A jelly (D:3)
  3 adders (D:2)
  An ooze (D:2)
  A worm (D:2)
  2 giant geckos
  5 orcs (D:3)
  A ball python (D:2)
  11 bats
  2 giant cockroaches
  5 hobgoblins
  7 kobolds
  6 giant newts
  4 goblins
  8 rats
  A spectral orc (D:3)
60 creatures vanquished.

Vanquished Creatures (collateral kills)
  A hungry ghost (D:3)
  A river rat (D:3)
  4 orcs (D:3)
  A kobold (D:3)
  A rat (D:3)
8 creatures vanquished.

Grand Total: 68 creatures vanquished

Notes
Turn   | Place    | Note
--------------------------------------------------------------
     0 | D:1      | gw the Demonspawn Chaos Knight began the quest for the Orb.
     0 | D:1      | Reached XP level 1. HP: 18/18 MP: 1/1
   295 | D:1      | Gained mutation: You have sharp fingernails. [demonic ancestry]
   295 | D:1      | Reached XP level 2. HP: 24/24 MP: 2/2
   886 | D:2      | Gained mutation: When hurt, damage is shared between your health and your magic reserves. [demonic ancestry]
   886 | D:2      | Reached XP level 3. HP: 27/29 MP: 3/3
   996 | D:2      | XOM: harmless Summ miscast
  1126 | D:2      | Reached skill level 1 in Throwing
  1220 | D:2      | Found an ancient bone altar of Kikubaaqudgha.
  1522 | D:2      | XOM: god gift: 37 gold pieces
  1536 | D:2      | XOM: cast spell 'Spider Form'
  1562 | D:2      | Found an opulent altar of Gozag.
  1634 | D:2      | Gained mutation: You are partially covered in molten scales (AC +1). [demonic ancestry]
  1634 | D:2      | Reached XP level 4. HP: 35/37 MP: 4/4
  1721 | D:2      | XOM: give mutations
  1721 | D:2      | Gained mutation: You are weak. (Str -2) [Xom's mischief]
  1721 | D:2      | Gained mutation: You have sharp toenails. [Xom's mischief]
  1721 | D:2      | Gained mutation: Your body sometimes deteriorates upon taking damage. [Xom's mischief]
  1894 | D:3      | Found a sacrificial altar of Ru.
  1907 | D:3      | XOM: harmless Necr miscast
  1908 | D:3      | Found a glowing golden altar of the Shining One.
  1908 | D:3      | Found a burning altar of Makhleb.
  2260 | D:3      | Noticed a hungry ghost
  2275 | D:3      | XOM: confuse monster(s)
  2290 | D:3      | XOM: divination: magic mapping
  2298 | D:3      | XOM: summons 4 friendly demons
  2311 | D:3      | Killed a hungry ghost
  2311 | D:3      | Reached XP level 5. HP: 39/42 MP: 5/5
  2353 | D:3      | XOM: god gift: hardcover book {god gift}
  2375 | D:3      | XOM: polymorph worm -> jelly
  2378 | D:3      | Noticed gw's ghost (amateur TeCK)
  2391 | D:3      | Reached skill level 4 in Fighting
  2401 | D:3      | XOM: summons 2 friendly demons
  2410 | D:3      | XOM: 5-stop teleportation journey
  2467 | D:3      | XOM: mild Conj miscast
  2474 | D:3      | Killed gw's ghost
  2563 | D:3      | Found a basalt altar of Yredelemnul.
  2680 | D:3      | XOM: fake destruction
  2737 | D:3      | XOM: silly message
  2908 | D:3      | XOM: polymorph orc -> river rat
  2943 | D:3      | Reached XP level 6. HP: 42/48 MP: 4/6
  2985 | D:3      | XOM: give mutations
  2985 | D:3      | Gained mutation: You are robust (+10% HP). [Xom's grace]
  2985 | D:3      | Gained mutation: Your system is resistant to poisons. [Xom's grace]
  2985 | D:3      | Gained mutation: You are very robust (+20% HP). [Xom's grace]
  2985 | D:3      | Gained mutation: Your flesh is heat resistant. [Xom's grace]
  3296 | D:4      | Slain by an iguana

Action                   |  1- 3 |  4- 6 || total
-------------------------+-------+-------++-------
Melee: Mace              |   105 |   112 ||   217
Throw: Stone             |    71 |    50 ||   121
       Tomahawk          |       |     7 ||     7
 Stab: Confused          |     2 |       ||     2
  Eat: Chunk             |     2 |     9 ||    11

Vault maps used:
D:1:      lemuel_arrival_muddy
D:2:      nicolae_overflow_crystal_walls, marbit_many_paths, fountainhead
D:3:      kennysheep_six_static_rooms, yredelemnul_forgotten_temple_becter,
          grunt_temple_overflow_open
D:4:      elyvilon_altar_1, minmay_temple_entry_hall
